 Dungeon Crawl Stone Soup version 0.31-a0-1074-g0b22e4e0f1 (webtiles) character file.

Game seed: 11920100350678966349

38 Jeffwins the Changeling (level 3, -4/15 HPs)
             Began as a Felid Shapeshifter on Dec 8, 2023.
             Slain by a cerulean imp
             ... wielding a +2 spear
             ... summoned by Natasha
              (6 damage)
             ... on level 2 of the Dungeon.
             The game lasted 00:01:05 (729 turns).

Jeffwins the Changeling (Felid Shapeshifter)         Turns: 729, Time: 00:01:06

Health: -4/15      AC:  1    Str: 10    XL:     3   Next: 25%
Magic:  4/4        EV: 17    Int: 13    God:
Gold:   0          SH:  0    Dex: 15    Spells: 2/2 levels left
                                        Lives:  0   Deaths: 1

rFire   . .          .
                       - Unarmed
rCold   . . .        (shield unavailable)
rNeg    . . .        (body armour unavailable)
rPois   .            (helmet unavailable)
rElec   .            (cloak unavailable)
rCorr   .            (gloves unavailable)
SInv    +            (boots unavailable)
Will    .....        (no amulet)
Stlth   ++           (no ring)
HPRegen 0.22/turn    (no ring)
MPRegen 0.09/turn

%: no passive effects
@: beast-form, quick
A: beast (slay +2), very small, claws 1, fangs 3, see invisible, speed 1, shaggy
fur 1, stealthy paws, no weapons or thrown items, no armour, multi-lived
a: Begin Untransformation


You were on level 2 of the Dungeon.
You were a hulking beast.
You visited 1 branch of the dungeon, and saw 2 of its levels.


Innate Abilities, Weirdness & Mutations

You are a hulking beast.
Your limbs bulge with bestial killing power. (Slay +2)
You have sharp claws.
You have razor-sharp teeth.
You have supernaturally acute eyesight. (SInv)
You cover ground quickly. (Speed+)
You are covered in fur. (AC +1)
Your paws help you pounce on unaware monsters.
You are incapable of wielding weapons or throwing items.
You cannot wear armour.
You gain extra lives every three experience levels.


   Skills:
 + Level 1.3 Fighting
 + Level 3.1 Dodging
 + Level 1.1 Stealth
 * Level 3.5 Unarmed Combat
 + Level 0.0 Spellcasting
 * Level 3.7 Shapeshifting


You had 2 spell levels left.
You didn't know any spells.
Your spell library contained the following spells:

 Spells                   Type           Power      Damage    Failure   Level
 Sandblast                Erth           0%         2d4       30%         1
 Passwall                 Tmut/Erth      0%         N/A       43%         2
 Stone Arrow              Conj/Erth      0%         3d7       67%         3
 Brom's Barrelling Bould  Conj/Erth      0%         2d3       97%         4

Inventory:

Talismans
 b - a beast talisman
 c - a flux talisman
Scrolls
 a - a scroll of enchant armour {unknown}
 d - a scroll of blinking {unknown}
 e - a scroll of amnesia {unknown}

Dungeon Overview and Level Annotations

Branches:
Dungeon (2/15)

Altars:

Annotations:
D:2 Natasha

#....h......#
#...........#
#...........#
#...........#
#.........†.###
▒).......55...#
▒▒########5##.##
#h#...# #h#.#.##
#.####.#....#
#.......#####
#####....#
###..######
#######.......#
#........####.#
#.###.#..#..
#.##.#.#


You could see Natasha and 3 cerulean imps.


Message History

Natasha mumbles some strange words.
You miss Natasha.
Natasha is heavily wounded.
Natasha claws you.
You barely miss Natasha.
Natasha is heavily wounded.
The cerulean imp misses you.
You scratch Natasha but do no damage.
Natasha is heavily wounded.
Natasha barely misses you.
The cerulean imp hits you from afar with a +2 spear.
You scratch Natasha.
Natasha is heavily wounded.
Natasha barely misses you. The cerulean imp completely misses you.
You scratch Natasha. Your bite misses Natasha.
Natasha is almost dead.
Natasha barely misses you.
The cerulean imp hits you from afar with a +2 spear.
Unknown command.
You scratch Natasha but do no damage.
Natasha is almost dead.
Natasha closely misses you.
The cerulean imp hits you from afar with a +2 spear!
* * * LOW HITPOINT WARNING * * *
Unknown command.
You closely miss Natasha.
Natasha is almost dead.
Natasha closely misses you.
The cerulean imp hits you from afar with a +2 spear.
You die...

Skill      XL: |  1  2 |
---------------+-------+-----
Dodging        | 3 |  3.1
Stealth        | 1 |  1.1
Fighting       | |  1.3
Unarmed Combat | |  3.5
Shapeshifting  | |  3.7

Action                     || total
---------------------------++-------
  Melee: Unarmed           ||    55
         Bite              ||     4
         Punch             ||     1
    Use: Potion            ||     1
   Stab: Sleeping          ||     2
 Armour: Skin              ||    17
  Dodge: Dodged            ||    39

Levels and vault maps discovered:
D:1:      sevenhm_arrival_forest_fort_small_5, layout_loops_ring
D:2:      kennysheep_big_flooded_room, layout_basic,
          hellmonk_ecumenical_altar_crossroads, basic_altar,
          uniq_crazy_yiuf_cottage, uniq_natasha, uniq_sigmund

Notes
Turn   | Place    | Note
-------+----------+-------------------------------------------
     0 | D:1      | Jeffwins the Felid Shapeshifter began the quest for the
                  | Orb.
     0 | D:1      | Reached XP level 1. HP: 9/9 MP: 2/2
    82 | D:1      | Succumbed to a goblin's poison
   154 | D:1      | Reached XP level 2. HP: 12/12 MP: 3/3
   225 | D:1      | Reached skill level 3 in Dodging
   629 | D:2      | Reached skill level 1 in Stealth
   629 | D:2      | Reached XP level 3. HP: 15/15 MP: 4/4
   702 | D:2      | Noticed Natasha
   729 | D:2      | Slain by a cerulean imp

Vanquished Creatures
  An adder (D:2)
  A dart slug (D:1)
  3 bats
  An endoplasm (D:1)
  4 goblins
  3 hobgoblins
  3 jackals (D:2)
  2 quokkas (D:1)
  2 ball pythons (D:1)
  A frilled lizard (D:2)
  A kobold (D:1)
  3 rats (D:1)
25 creatures vanquished.

Table legend: (Time is in decaauts)
 A = Elapsed time spent in this place.
 B = Non-inter-level travel time spent in this place.
 C = Inter-level travel time spent in this place.
 D = Time resting spent in this place.
 E = Time spent auto-exploring this place.
 F = Levels seen in this place.
 G = Mean time per level.
                   A        B        C        D        E       F      G
               +--------+--------+--------+--------+--------+-----+--------+
         Total |    601 |    592 |      9 |      0 |    454 |   2 |  300.5 |
       Dungeon |    601 |    592 |      9 |      0 |    454 |   2 |  300.5 |
               +--------+--------+--------+--------+--------+-----+--------+

Top non-repeatable levels by time:
     D:1: 507 daAuts
     D:2: 93 daAuts

Table legend:
 A = Non-vault XP
 B = Vault XP
 C = Vault XP percentage of total XP
 D = Non-vault monster count
 E = Vault monster count
 F = Vault count percentage of total count
                 A         B        C        D         E       F
            +---------+---------+-------+---------+---------+-------
      Total |      55 |       0 |   0.0 |      25 |       0 |   0.0
            +---------+---------+-------+---------+---------+-------
        D:1 |      28 |       0 |   0.0 |      17 |       0 |   0.0
        D:2 |      27 |       0 |   0.0 |       8 |       0 |   0.0
            +---------+---------+-------+---------+---------+-------
